 Dungeon Crawl Stone Soup version 0.20-a0-830-g2c9a30d (webtiles) character file.

549 M4edhros the Ducker (level 7, -1/51 HPs)
             Began as a Demonspawn Artificer on Mar 7, 2017.
             Slain by an orc
             ... wielding a +0 flail
              (4 damage)
             ... on level 5 of the Dungeon.
             The game lasted 00:05:08 (1869 turns).

M4edhros the Ducker (Demonspawn Artificer)          Turns: 1869, Time: 00:05:09

Health: -1/51      AC:  9    Str: 12    XL:     7   Next: 7%
Magic:  9/9        EV: 11    Int: 12    God:
Gold:   69         SH:  0    Dex: 16    Spells: 6/6 levels left

rFire    . . .     SeeInvis .     - Unarmed
rCold    . . .     Gourm    .   m - +0 scale mail
rNeg     . . .     Faith    .   (no shield)
rPois    .         Spirit   .   (no helmet)
rElec    .         Reflect  .   (no cloak)
rCorr    .         Harm     .   (no gloves)
MR       .....                  j - +0 pair of boots
Stlth    ..........             (no amulet)
Regen    0.2/turn               (no ring)
MPRegen  0.2/turn               (no ring)

@: very slightly contaminated, invisible (expiring)
A: claws 2, thin metallic scales 1, powered by death 2
a: no special abilities


You were on level 5 of the Dungeon.
You were near starving.

You visited 1 branch of the dungeon, and saw 5 of its levels.
You also visited: Ossuary.

You collected 69 gold pieces.

Inventory:

Hand Weapons
 a - a +0 short sword
Missiles
 g - 36 sling bullets
Armour
 b - a +0 leather armour
 j - a +0 pair of boots (worn)
 l - a +0 ring mail
 m - a +0 scale mail (worn)
Wands
 c - a wand of flame (5/48)
 d - a wand of enslavement (9/24)
 e - a wand of random effects (6/48)
 k - a wand of disintegration (0/24)
Scrolls
 o - 2 scrolls of blinking {unknown}
Potions
 i - a potion of flight
 p - 2 potions of haste
 q - a potion of cancellation
 r - a potion of invisibility
Comestibles
 f - 2 bread rations
 h - a royal jelly


   Skills:
 + Level 2.8 Fighting
 - Level 0.8 Short Blades
 + Level 5.3 Dodging
 - Level 0.8 Stealth
 * Level 3.5 Unarmed Combat
 - Level 3.0 Evocations


You had 6 spell levels left.
You didn't know any spells.

Dungeon Overview and Level Annotations

Branches:
Dungeon (5/15)
 Temple: D:4-7

Altars:

Annotations:
D:3 Narsil's ghost, amateur DsFi


Innate Abilities, Weirdness & Mutations

You have very sharp fingernails.
You are partially covered in thin metallic scales. (AC +2)
You regenerate health from kills.


Message History

You scratch the orc warrior but do no damage.
The orc warrior hits you with a scimitar.
The orc wizard casts a spell at something.
Evoke which item? (* to show all) (? for menu, Esc to quit)
Aiming: Random Effects
Press: ? - help, Shift-Dir - straight line, f - orc warrior
Aim: an orc warrior, wielding a scimitar and wearing a plate armour The orc warrior seems to speed up.
This wand has 6 charges left.
The orc warrior hits you with a scimitar!!
The orc wizard casts a spell at the orc warrior.
The magic dart hits the orc warrior.
The orc warrior hits you with a scimitar!
* * * LOW HITPOINT WARNING * * *
The orc wizard points at something and mumbles some strange words.
The magic dart hits you!
* * * LOW HITPOINT WARNING * * *
You flicker for a moment.
The orc closely misses you. The orc warrior misses you.
The orc hits you with a flail.
You die...

#...'...........#....#
#...#...........'....#
#...#...........#....###+#
#...#...........#.........
#...#...........#o.o......
#...#.........o.#.........
#...#...........#.........
#...#........o..#.........
#.......@o..#.........
#.......###+#.........
#.......# #....#####
#......... #...........
#.......##..# #.......#
### #.....>.. #........


You could see an orc warrior, an orc wizard and an orc.

Vanquished Creatures
  The ghost of Toogi the Charlatan, an amateur DrAr of Makhleb (Ossuary)
  An ogre (D:4)
  A crimson imp (D:5)
  2 centaur zombies (Ossuary)
  2 human zombies (Ossuary)
  2 mummies (Ossuary)
  An adder (D:3)
  2 adder zombies (Ossuary)
  A worm (D:3)
  2 dart slugs
  2 ball pythons
  A giant cockroach (D:1)
  2 goblins
  5 hobgoblins
  2 bats (D:1)
  2 frilled lizards (D:1)
  2 goblin zombies
  11 hobgoblin zombies (Ossuary)
  A jackal zombie (Ossuary)
  6 kobolds
  8 kobold zombies (Ossuary)
  7 orc zombies (Ossuary)
  A quokka zombie (D:5)
  2 rats
  2 rat zombies (Ossuary)
69 creatures vanquished.

Notes
Turn   | Place    | Note
-------+----------+-------------------------------------------
     0 | D:1      | M4edhros the Demonspawn Artificer began the quest for the Orb.
     0 | D:1      | Reached XP level 1. HP: 15/15 MP: 3/3
   199 | D:1      | Reached skill level 2 in Dodging
   378 | D:1      | Gained mutation: You are partially covered in thin metallic scales. (AC +2) [demonic ancestry]
   378 | D:1      | Reached XP level 2. HP: 5/21 MP: 4/4
   825 | D:2      | Reached skill level 3 in Dodging
  1061 | D:3      | Gained mutation: You have sharp fingernails. [demonic ancestry]
  1061 | D:3      | Reached XP level 3. HP: 15/26 MP: 5/5
  1213 | D:3      | Noticed Narsil's ghost (amateur DsFi)
  1285 | D:4      | Noticed an ogre
  1292 | D:4      | Killed an ogre
  1292 | D:4      | Reached skill level 4 in Dodging
  1292 | D:4      | Gained mutation: You regenerate a little health from kills. [demonic ancestry]
  1292 | D:4      | Reached XP level 4. HP: 26/32 MP: 6/6
  1304 | D:5      | Entered Level 5 of the Dungeon
  1357 | D:5      | Found a sand-covered staircase.
  1364 | Ossuary  | Entered an ossuary
  1364 | Ossuary  | Noticed Toogi's ghost (amateur DrAr)
  1529 | Ossuary  | Killed Toogi's ghost
  1529 | Ossuary  | Reached skill level 5 in Dodging
  1529 | Ossuary  | Gained mutation: You have very sharp fingernails. [demonic ancestry]
  1529 | Ossuary  | Reached XP level 5. HP: 14/38 MP: 7/7
  1529 | Ossuary  | Gained mutation: You regenerate health from kills. [demonic ancestry]
  1529 | Ossuary  | Reached XP level 6. HP: 17/44 MP: 8/8
  1719 | Ossuary  | Reached XP level 7. HP: 51/51 MP: 9/9
  1862 | D:5      | HP: 2/51 [orc wizard/magic dart (4)]
  1869 | D:5      | Slain by an orc

Vault maps used:
D:1:      lightli_arrival_lavapool, serial_curves, eino_curves_04,
          eino_curves_04
D:3:      uniq_grinder
D:4:      yredelemnul_forgotten_temple_becter, first_bread
D:5:      minmay_temple_entry_junction, enter_ossuary_4, uniq_menkaure
Ossuary:  ossuary_tomb_1

Skill      XL: |  1  2  3  4  5  6 |
---------------+-------------------+-----
Dodging        | 2 3 4 5 |  5.3
Fighting       | 2 |  2.8
Unarmed Combat | 2 3 |  3.5
Short Blades   | |  0.8
Stealth        | |  0.8
Evocations     | |  3.0

Action                   |  1- 3 |  4- 6 |  7- 9 || total
-------------------------+-------+-------+-------++-------
Melee: Short sword       |   110 |    82 |       ||   192
       Punch             |       |     2 |       ||     2
       Unarmed           |       |   120 |    12 ||   132
Evoke: Wand              |     9 |    21 |     1 ||    31
  Use: Potion            |     1 |       |     3 ||     4
       Scroll            |       |     1 |       ||     1
 Stab: Sleeping          |     1 |       |       ||     1
  Eat: Chunk             |     1 |     1 |       ||     2
Armor: Leather armour    |     9 |       |       ||     9
       Ring mail         |    27 |       |       ||    27
       Scale mail        |     4 |   163 |     7 ||   174
Dodge: Dodged            |    69 |   208 |    10 ||   287
